 Dungeon Crawl Stone Soup version 0.28-a0-684-g30a9fa1a03 (webtiles) character file.

Game seed: 13735774806681702229

8704 Buxus the Destroyer (level 11, -13/64 HPs)
             Began as a Gargoyle Earth Elementalist on Oct 19, 2021.
             Was a Believer of Vehumet.
             Mangled by a shadow (20 damage)
             ... on level 9 of the Dungeon.
             The game lasted 00:24:59 (13627 turns).

Buxus the Destroyer (Gargoyle Earth Elementalist)  Turns: 13627, Time: 00:25:00

Health: -13/64     AC: 16    Str: 13    XL:     11   Next: 35%
Magic:  18/18      EV: 15    Int: 24    God:    Vehumet [**....]
Gold:   620        SH:  0    Dex: 10    Spells: 6/20 levels left

rFire   . . .      SeeInvis .   y - +8 spear of the Invisible Dreams {vorpal, rN++ Stlth-}
rCold   . . .      Faith    .   (no shield)
rNeg    + + +      Spirit   .   H - +0 steam dragon scales
rPois   ∞          Reflect  .   k - +2 helmet
rElec   +          Harm     .   (no cloak)
rCorr   .          Rampage  .   (no gloves)
Will    .....                   (no boots)
Stlth   +.........              (no amulet)
HPRegen 0.20/turn               h - +6 ring of intelligence
MPRegen 0.16/turn               E - +4 ring of evasion

@: no status effects
A: sickness immunity, AC +8, negative energy resistance 1, electricity
resistance, torment resistance 1, petrification resistance
a: Renounce Religion


You were on level 9 of the Dungeon.
You worshipped Vehumet.
Vehumet was pleased with you.
You visited 2 branches of the dungeon, and saw 11 of its levels.

You collected 620 gold pieces.

Inventory:

Hand Weapons
 d - a +0 short sword
 f - a +1 whip of electrocution
 j - a +1 dagger of venom
 v - a +1 dagger of draining
 y - the +8 spear of the Invisible Dreams (weapon) {vorpal, rN++ Stlth-}
   (You found it on level 7 of the Dungeon)

   It inflicts extra damage upon your enemies.
   rN:        It greatly protects you from negative energy.
   Stlth:     It makes you less stealthy.
 N - the +4 dagger "Goblinbane" {protect, Drain Will+ Str+4 Stlth+}
   (You found it on level 9 of the Dungeon)

   It grants its wielder temporary protection when it strikes (+7 to AC).
   Str:       It affects your strength (+4).
   Drain:     It drains your maximum health when unequipped.
   Will:      It increases your willpower.
   Stlth:     It makes you more stealthy.
Missiles
 c - 261 stones
 m - 5 boomerangs
 C - a throwing net
Armour
 b - a +0 robe
 k - a +2 helmet (worn)
 r - a +0 ring mail of willpower
 H - +0 steam dragon scales (worn)
Jewellery
 h - a +6 ring of intelligence (left hand)
 x - an amulet of guardian spirit
 E - a +4 ring of evasion (right hand)
 I - the ring "Kehafag" {rC+ Str+4}
   (You acquired it on level 9 of the Dungeon)

   [ring of protection from cold]

   Str:       It affects your strength (+4).
   rC:        It protects you from cold.
Wands
 q - a wand of flame (4)
 A - a wand of mindburst (6)
 B - a wand of iceblast (29)
 D - a wand of paralysis (7)
 G - a wand of charming (5)
 J - a wand of acid (13)
Scrolls
 n - 2 scrolls of fog
 o - a scroll of blinking
 p - 5 scrolls of silence
 s - 3 scrolls of teleportation
 t - 2 scrolls of noise {unknown}
 F - a scroll of identify
 L - a scroll of fear
Potions
 a - 3 potions of brilliance
 e - a potion of heal wounds {unknown}
 g - a potion of ambrosia {unknown}
 i - 3 potions of curing
 l - a potion of attraction {unknown}
 u - a potion of haste
 w - 2 potions of flight {unknown}
 z - a potion of berserk rage {unknown}
 K - a potion of might {unknown}
 M - a potion of magic {unknown}
 O - a potion of mutation {unknown}


   Skills:
 + Level 6.2 Fighting
 * Level 4.3 Polearms
 + Level 0.1 Armour
 - Level 1.5 Dodging
 - Level 2.1 Stealth
 - Level 5.0 Spellcasting
 + Level 11.6 Conjurations
 - Level 4.0 Transmutations
 - Level 2.2 Fire Magic
 - Level 11.0 Earth Magic


You had 6 spell levels left.
You knew the following spells:

 Your Spells              Type           Power      Damage    Failure   Level
a - Sandblast             Erth           100%       2d20      1%          1
b - Passwall              Tmut/Erth      35%        N/A       1%          2
c - Stone Arrow           Conj/Erth      100%       3d13      1%          3
d - Petrify               Tmut/Erth      42%        N/A       4%          4
e - Flame Wave            Conj/Fire      39%        3d8       4%          4

Your spell library contained the following spells:

 Spells                   Type           Power      Damage    Failure   Level
 Magic Dart               Conj           100%       1d8       1%          1
 Foxfire                  Conj/Fire      100%       2x1d9     1%          1
 Leda's Liquefaction      Hex/Erth       16%        N/A       9%          4
 Inner Flame              Hex/Fire       11%        N/A       17%         3
 Portal Projectile        Hex/Tloc       12%        N/A       26%         3
 Starburst                Conj/Fire      19%        6d7       61%         6
 Discord                  Hex            3%         N/A       100%        8
 Ignition                 Fire           8%         3d5       100%        8


Dungeon Overview and Level Annotations

Branches:
Dungeon (10/15)            Temple (1/1) D:5
   Lair: D:8-11         Orc: D:9-12

Altars:
Ashenzari
Cheibriados
Dithmenos
Elyvilon
Fedhas
Gozag
Hepliaklqana
Kikubaaqudgha
Makhleb
Nemelex Xobeh
Okawaru
Qazlal
Ru
Sif Muna
Trog
Uskayaw
Vehumet
Wu Jian
Xom
Yredelemnul
Zin
The Shining One

Annotations:
D:2 1 runed translucent door, Crazy Yiuf


Innate Abilities, Weirdness & Mutations

You are immune to sickness and miasma.
Your stone body is resilient. (AC +8)
You are immune to poison.
You resist negative energy. (rN+)
You are resistant to electric shocks. (rElec)
You are resistant to unholy torment.
You are immune to petrification.


Message History

The shadow barely misses you.
You barely miss the shadow.
The shadow is moderately damaged.
The shadow slips into darkness.
The shadow flickers and vanishes!
Deactivating autopickup; reactivate with Ctrl-A.
You hit something but do no damage.
The shadow strikes at you from the darkness!
Reactivating autopickup.
You hit the shadow but do no damage.
The shadow is moderately damaged.
The shadow hits you.
You barely miss the shadow.
The shadow is moderately damaged.
The shadow barely misses you.
You closely miss the shadow.
The shadow is lightly damaged.
You hit the shadow but do no damage.
The shadow is lightly damaged.
The shadow closely misses you.
You closely miss the shadow.
The shadow is lightly damaged.
The shadow slips into darkness.
The shadow flickers and vanishes!
Deactivating autopickup; reactivate with Ctrl-A.
You hit something but do no damage.
The shadow strikes at you from the darkness!
* * * LOW HITPOINT WARNING * * *
Reactivating autopickup.
You hit the shadow.
The shadow is moderately damaged.
The shadow hits you.
You puncture the shadow!
The shadow is severely damaged.
The shadow slips into darkness.
The shadow flickers and vanishes!
Deactivating autopickup; reactivate with Ctrl-A.
You closely miss something.
The shadow strikes at you from the darkness!
You die...

#.##..##.# #.# #.
#.....##.# #.# #.
#.....##.# #.# #.
#.....##.# #.# #.
#.##..##.# #.# #.
#.##..##.# #.# #.
#.##..##.# #.# #.
#.##..##.# #.# #.
#.##@.##.# #.# #.
#.##.{##.# #.# #.
#.##..##.####.######.
#.##..##............[
#............>.......
#####################


There were no monsters in sight!

Vanquished Creatures
  Gastronok (D:8)
  Harold (D:7)
  Pikel (D:5)
  A kobold demonologist (D:9)
  A troll (D:9)
  Grinder (D:3)
  Sigmund (D:3)
  2 shadows (D:10)
  11 yaks
  2 wyverns
  Menkaure (D:4)
  2 steam dragons (D:9)
  An acid dragon (D:8)
  A water moccasin (D:9)
  3 orc warriors
  2 black bears (D:8)
  A sky beast (D:4)
  2 necrophages (D:6)
  2 centaurs (D:8)
  3 phantoms
  A lemure (D:5)
  Blork the orc (D:5)
  A bullfrog (D:8)
  A scorpion (D:6)
  2 water moccasin zombies
  A troll zombie (D:10)
  9 wights (D:7)
  4 howler monkeys
  A crimson imp (D:5)
  A centaur zombie (D:8)
  3 hounds (D:4)
  2 jellies
  5 orc priests
  2 centaur skeletons
  A gnoll shaman (D:10)
  A bullfrog skeleton (D:6)
  2 iguanas (D:5)
  Ijyb (D:4)
  7 orc wizards
  A killer bee zombie (D:9)
  2 ogre zombies (D:10)
  Robin (D:2)
  9 gnolls
  3 howler monkey zombies
  4 adders
  A howler monkey skeleton (D:6)
  An adder skeleton (D:4)
  2 worms (D:3)
  A dart slug (D:1)
  26 orcs
  5 ball pythons
  3 bats
  5 endoplasms
  2 giant cockroaches
  10 goblins
  10 hobgoblins
  8 jackals
  6 quokkas
  5 frilled lizards
  2 goblin skeletons (D:10)
  A goblin zombie (D:10)
  5 kobolds
  An orc zombie (D:10)
  8 rats
208 creatures vanquished.

Vanquished Creatures (others)
  A fungus (D:2)
1 creature vanquished.

Grand Total: 209 creatures vanquished

Notes
Turn   | Place    | Note
-------+----------+-------------------------------------------
     0 | D:1      | Buxus the Gargoyle Earth Elementalist began the quest for
                  | the Orb.
     0 | D:1      | Reached XP level 1. HP: 10/10 MP: 3/3
   177 | D:1      | Reached XP level 2. HP: 13/15 MP: 3/5
   479 | D:1      | Learned a level 2 spell: Passwall
   967 | D:1      | Reached skill level 5 in Earth Magic
   967 | D:1      | Reached XP level 3. HP: 19/19 MP: 4/6
  1227 | D:2      | Noticed Robin
  1232 | D:2      | Reached skill level 1 in Fighting
  1242 | D:2      | Killed Robin
  1310 | D:2      | Reached XP level 4. HP: 24/25 MP: 3/7
  1487 | D:2      | Found a faded altar of an unknown god.
  1497 | D:2      | Learned a level 3 spell: Stone Arrow
  1991 | D:2      | Found a runed translucent door.
  1992 | D:2      | Noticed Crazy Yiuf
  2068 | D:3      | Reached skill level 1 in Conjurations
  2688 | D:3      | Noticed Sigmund
  2751 | D:4      | Reached XP level 5. HP: 15/30 MP: 4/8
  3618 | D:4      | Reached XP level 6. HP: 33/35 MP: 6/9
  3652 | D:4      | Noticed Menkaure
  3659 | D:4      | Killed Menkaure
  3660 | D:4      | Reached skill level 5 in Conjurations
  3874 | D:3      | Noticed Ijyb
  3917 | D:4      | Killed Ijyb
  4089 | D:3      | Found a glowing golden altar of the Shining One.
  4090 | D:3      | Noticed Grinder
  4093 | D:3      | Killed Grinder
  4094 | D:3      | Reached XP level 7. HP: 41/41 MP: 5/10
  4298 | D:3      | Killed Sigmund
  4466 | D:3      | Learned a level 4 spell: Petrify
  4520 | D:3      | Found a basalt altar of Yredelemnul.
  4924 | D:4      | Identified a scroll of acquirement
  4924 | D:4      | Acquired the Papyrus of Ignition and Curses
  4934 | D:5      | Entered Level 5 of the Dungeon
  4934 | D:5      | Noticed Blork the orc
  4939 | D:5      | Killed Blork the orc
  4940 | D:5      | Reached skill level 1 in Transmutations
  4940 | D:5      | Reached XP level 8. HP: 38/48 MP: 5/12
  5430 | D:5      | Found a hazy altar of Hepliaklqana.
  5435 | D:5      | Found a shimmering blue altar of Sif Muna.
  5510 | D:5      | Found a sparkling altar of Nemelex Xobeh.
  5599 | D:5      | Noticed Pikel
  5619 | D:5      | Killed Pikel
  5620 | D:5      | Reached XP level 9. HP: 47/52 MP: 1/13
  5821 | D:5      | Found a staircase to the Ecumenical Temple.
  5875 | D:5      | Found a shimmering altar of Xom.
  5875 | D:5      | Found a burning altar of Makhleb.
  5941 | Temple   | Entered the Ecumenical Temple
  6124 | Temple   | Became a worshipper of Vehumet
  6383 | D:6      | Learned a level 4 spell: Flame Wave
  7143 | D:7      | Reached skill level 1 in Fire Magic
  7601 | D:7      | Reached * piety under Vehumet
  7601 | D:7      | Offered knowledge of Freeze by Vehumet.
  8065 | D:7      | Found a white marble altar of Elyvilon.
  8357 | D:7      | Found a blossoming altar of Fedhas.
  8360 | D:7      | Noticed Harold
  8402 | D:6      | Reached skill level 5 in Fighting
  8402 | D:6      | Reached skill level 10 in Conjurations
  8702 | D:7      | Identified the +8 spear of the Invisible Dreams {vorpal,
                  | rN++ Stlth-}
  8909 | D:7      | Killed Harold
  8910 | D:7      | Reached XP level 10. HP: 14/59 MP: 0/17
  9742 | D:7      | Reached skill level 5 in Spellcasting
 10615 | D:8      | Noticed Gastronok
 10669 | D:8      | Killed Gastronok
 10670 | D:8      | Reached skill level 10 in Earth Magic
 11368 | D:8      | Reached skill level 1 in Polearms
 11687 | D:7      | Found a hide-covered altar of Uskayaw.
 11772 | D:9      | Noticed a kobold demonologist
 11775 | D:9      | Killed a kobold demonologist
 11776 | D:9      | Reached XP level 11. HP: 64/64 MP: 11/18
 12636 | D:9      | Offered knowledge of Magic Dart by Vehumet.
 12743 | D:9      | Acquired the ring "Kehafag" {rC+ Str+4}
 13110 | D:9      | Identified the +4 dagger "Goblinbane" {protect, Drain Will+
                  | Str+4 Stlth+}
 13186 | D:10     | Entered Level 10 of the Dungeon
 13309 | D:10     | Reached ** piety under Vehumet
 13627 | D:9      | Mangled by a shadow

Illustrated notes

Levels and vault maps discovered:
D:1:      dpeg_arrival_rhombi, layout_rooms, moated_statue, moated_statue,
          chequers_jeans, minmay_misc_feat_pillars
D:2:      layout_loops_ring, hellmonk_ecumenical_altar_blasted,
          serial_park_tiny_2, uniq_crazy_yiuf_cottage, uniq_robin
D:3:      layout_loops_cross, lemuel_round_altar,
          mainiacjoe_overflow_tiny_flanked, minmay_increasing_density,
          uniq_sigmund, uniq_ijyb, uniq_grinder
D:4:      layout_loops_ring, uniq_menkaure
D:5:      layout_cave_pools, grunt_temple_overflow_champion_of_chaos,
          grunt_temple_overflow_open, nemelex_spade_bored_becter,
          minmay_temple_entry_fiery, uniq_pikel, uniq_blork_the_orc
D:6:      layout_loops_ring, hex_tiny, minmay_starry_boxes
D:7:      layout_basic, fedhas_altar_2, nicolae_overflow_hidden_temple,
          chequers_serial_rivers_micro_c, uniq_harold
D:8:      layout_loops_ring, st_stairs_4, uniq_gastronok
D:9:      layout_long_grid, palyth_stone_intersect, minivault_10,
          hangedman_decor_clover_reticule, hangedman_minor_gate_pass
D:10:     layout_loops_ring, zombieorc1_lemuel, grunt_ministairs_2,
          uniq_josephine
Temple:   minmay_temple_bridge_abc

Skill      XL: |  1  2  3  4  5  6  7  8  9 10 11 |
---------------+----------------------------------+-----
Earth Magic    | 4 5 6 7 11 | 11.0
Fighting       | 1 2 3 4 5 6 |  6.2
Conjurations   | 2 4 5 6 8 10 11 | 11.6
Spellcasting   | 3 4 5 |  5.0
Transmutations | 1 4 |  4.0
Fire Magic     | 2 |  2.2
Polearms       | 2 4 |  4.3
Armour         | |  0.1
Dodging        | |  1.5
Stealth        | |  2.1

Action                   |  1- 3 |  4- 6 |  7- 9 | 10-12 || total
-------------------------+-------+-------+-------+-------++-------
Melee: Short sword       |    14 |       |       |       ||    14
       Whip              |     8 |    40 |    81 |       ||   129
       Dagger            |       |    36 |    47 |       ||    83
       Spear             |       |       |     9 |   246 ||   255
 Cast: Sandblast         |    33 |    55 |    44 |    11 ||   143
       Passwall          |       |     1 |       |       ||     1
       Stone Arrow       |       |     3 |    52 |    58 ||   113
       Flame Wave        |       |       |     1 |       ||     1
       Petrify           |       |       |       |     2 ||     2
Evoke: Wand              |       |       |     3 |       ||     3
  Use: Scroll            |       |     7 |     8 |     4 ||    19
       Potion            |       |       |       |     3 ||     3
 Stab: Sleeping          |     1 |     1 |     1 |       ||     3
       Petrified         |       |       |       |     6 ||     6
Armor: Robe              |    10 |    34 |    74 |    60 ||   178
       Steam dragon scal |       |       |       |    35 ||    35
Dodge: Dodged            |    18 |    60 |    98 |   159 ||   335

Table legend: (Time is in decaauts)
 A = Elapsed time spent in this place.
 B = Non-inter-level travel time spent in this place.
 C = Inter-level travel time spent in this place.
 D = Time resting spent in this place.
 E = Time spent auto-exploring this place.
 F = Levels seen in this place.
 G = Mean time per level.
                   A        B        C        D        E       F      G
               +--------+--------+--------+--------+--------+-----+--------+
         Total |  13645 |  13060 |    585 |   3494 |   7578 |  11 | 1240.5 |
       Dungeon |  13440 |  12877 |    563 |   3494 |   7402 |  10 | 1344.0 |
        Temple |    204 |    183 |     21 |      0 |    176 |   1 |  204.0 |
               +--------+--------+--------+--------+--------+-----+--------+

Top non-repeatable levels by time:
     D:7: 2156 daAuts
     D:6: 1938 daAuts
     D:3: 1507 daAuts
     D:9: 1486 daAuts
     D:8: 1417 daAuts
     D:4: 1317 daAuts
     D:2: 1217 daAuts
     D:1: 995 daAuts
     D:5: 986 daAuts
    D:10: 417 daAuts
  Temple: 204 daAuts
